TOP OF THE 1ST |
San Jose Missions batting - Pitching for Walla Walla All-Stars : RHP León Trevino
|
Pitching: RHP León Trevino
|
|
Batting: RHB Goro Tanabe
|
0-0: DOUBLE (Groundball, 5L)
|
Batting: LHB Raúl García
|
0-0: Foul Ball, location: 2F 0-1: Called Strike 0-2: Ball Reached via error on a dropped throw, E1 Goro Tanabe to third
|
Batting: RHB Ed Starr
|
0-0: Ball 1-0: Ball 2-0: Called Strike 2-1: Foul Ball, location: 2F 2-2: Ball 3-2: Ground out 4-3 (Groundball, 13) Goro Tanabe scores Raúl García to second
|
Batting: LHB Miguel Montés
|
0-0: SINGLE (Groundball, 34D) Raúl García to third
|
Batting: RHB Chang-geun Kim
|
0-0: Ball 1-0: Ball 2-0: Called Strike 2-1: Called Strike 2-2: Foul Ball, location: 2F 2-2: SINGLE (Line Drive, 6MD) Raúl García scores Miguel Montés to second Runner from 2nd tries for 3rd, SAFE, no throw or cutoff
|
Batting: LHB Mel Jones
|
0-0: Ball Chang-geun Kim steals 2nd base 1-0: Fly out, F9 (Flyball, 9LD) Runner from 3rd tags up, SCORES, no throw Chang-geun Kim to third
|
Batting: RHB Mike Gordon
|
0-0: Ball 1-0: Ball 2-0: Called Strike 2-1: Ball 3-1: Foul Ball, location: 2F 3-2: Foul Ball, location: 2F 3-2: Ground out 6-3 (Groundball, 6)
|
Top of the 1st over - 3 run(s), 3 hit(s), 1 error(s), 1 left on base; San Jose 3 - Walla Walla 0 |
BOTTOM OF THE 1ST |
Walla Walla All-Stars batting - Pitching for San Jose Missions : LHP Vanni Frangilli
|
Pitching: LHP Vanni Frangilli
|
|
Batting: LHB Keith Beard
|
0-0: Ball 1-0: Bunt missed! 1-1: SINGLE (Groundball, 4M) (infield hit)
|
Batting: SHB Sean Carr
|
0-0: Ball 1-0: Foul Ball, location: 2F 1-1: Fielders Choice at 2nd, 4-6 (Groundball, 34)
|
Batting: RHB Lorenzo Morín
|
0-0: Grounds into double play, 5-4-3 (Groundball, 5L)
|
Bottom of the 1st over - 0 run(s), 1 hit(s), 0 error(s), 0 left on base; San Jose 3 - Walla Walla 0 |
TOP OF THE 2ND |
San Jose Missions batting - Pitching for Walla Walla All-Stars : RHP León Trevino
|
Batting: RHB Cal Keys
|
0-0: Called Strike 0-1: SINGLE (Groundball, 56) (infield hit)
|
Batting: RHB Stéphane Lambert
|
0-0: Ball 1-0: Ball 2-0: Ball 3-0: Base on Balls Cal Keys to second
|
Batting: RHB Goro Tanabe
|
0-0: Ball 1-0: Ball 2-0: Foul Ball, location: 2F 2-1: SINGLE (Groundball, 6M) Cal Keys to third Stéphane Lambert to second Runner from 3rd tries for Home, SAFE, no throw or cutoff
|
Batting: LHB Raúl García
|
0-0: Ball 1-0: Called Strike 1-1: Fly out, F8 (Flyball, 89D) Runner from 2nd tags up, SAFE at 3rd, no throw
|
Batting: RHB Ed Starr
|
0-0: Called Strike 0-1: SINGLE (Groundball, 56D) Stéphane Lambert scores Goro Tanabe to second
|
Batting: LHB Miguel Montés
|
0-0: Called Strike 0-1: Grounds into double play, 4-6-3 (Groundball, 4)
|
Top of the 2nd over - 2 run(s), 3 hit(s), 0 error(s), 1 left on base; San Jose 5 - Walla Walla 0 |
BOTTOM OF THE 2ND |
Walla Walla All-Stars batting - Pitching for San Jose Missions : LHP Vanni Frangilli
|
Batting: RHB Claudio Guerra
|
0-0: Ball 1-0: Ball 2-0: SINGLE (Line Drive, 8RS)
|
Batting: RHB Pablo Lucero
|
0-0: Fielders Choice at 2nd, 6-4 (Groundball, 6M)
|
Batting: RHB Jim Dunbar
|
0-0: Called Strike 0-1: DOUBLE (Line Drive, 89XD) Pablo Lucero to third Runner from 3rd tries for Home, SAFE, throw made home
|
Batting: RHB Jeff Thompson
|
0-0: Fly out, F9 (Flyball, 9D)
|
Batting: RHB Daniel Guerrero
|
0-0: Foul Ball, location: 2F 0-1: Ground out 4-3 (Groundball, 4)
|
Bottom of the 2nd over - 1 run(s), 2 hit(s), 0 error(s), 1 left on base; San Jose 5 - Walla Walla 1 |
TOP OF THE 3RD |
San Jose Missions batting - Pitching for Walla Walla All-Stars : RHP León Trevino
|
Batting: RHB Chang-geun Kim
|
0-0: Swinging Strike 0-1: Swinging Strike 0-2: Ball 1-2: Ball 2-2: Foul Ball, location: 2F 2-2: SINGLE (Groundball, 6MD)
|
Batting: LHB Mel Jones
|
0-0: Ball 1-0: Ball 2-0: Foul Ball, location: 2F 2-1: Ball 3-1: Base on Balls Chang-geun Kim to second
|
Batting: RHB Mike Gordon
|
0-0: Fielders Choice at 2nd, 6-4 (Groundball, 6M) Chang-geun Kim to third
|
Batting: RHB Cal Keys
|
0-0: Ball 1-0: Foul Ball, location: 2F 1-1: Called Strike 1-2: Ball 2-2: Foul Ball, location: 2F 2-2: Grounds into double play, 1-4-3 (Groundball, 13S)
|
Top of the 3rd over - 0 run(s), 1 hit(s), 0 error(s), 1 left on base; San Jose 5 - Walla Walla 1 |
BOTTOM OF THE 3RD |
Walla Walla All-Stars batting - Pitching for San Jose Missions : LHP Vanni Frangilli
|
Batting: RHB Luke McIndoe
|
0-0: Called Strike 0-1: Foul Ball, location: 2F 0-2: Ground out 5-3 (Groundball, 5S)
|
Batting: LHB Keith Beard
|
0-0: Ground out U3 (Groundball, 3)
|
Batting: SHB Sean Carr
|
0-0: Ball 1-0: Called Strike 1-1: Ball 2-1: Ball 3-1: Base on Balls
|
Batting: RHB Lorenzo Morín
|
0-0: Ball 1-0: Swinging Strike 1-1: Ball 2-1: Swinging Strike 2-2: Fielders Choice at 2nd, 5-4 (Groundball, 5)
|
Bottom of the 3rd over - 0 run(s), 0 hit(s), 0 error(s), 0 left on base; San Jose 5 - Walla Walla 1 |
TOP OF THE 4TH |
San Jose Missions batting - Pitching for Walla Walla All-Stars : RHP León Trevino
|
Batting: RHB Stéphane Lambert
|
0-0: SINGLE (Groundball, 56D) (infield hit)
|
Batting: RHB Goro Tanabe
|
0-0: Called Strike 0-1: Ball 1-1: SINGLE (Line Drive, 6D) Stéphane Lambert to second
|
Batting: LHB Raúl García
|
0-0: Ball 1-0: Called Strike 1-1: Ball 2-1: Grounds into double play, 4-6-3 (Groundball, 4) Stéphane Lambert to third
|
Batting: RHB Ed Starr
|
0-0: Foul Ball, location: 2F 0-1: SINGLE (Flyball, 8LS) Stéphane Lambert scores
|
Batting: LHB Miguel Montés
|
0-0: Called Strike 0-1: Swinging Strike 0-2: Hit by Pitch Ed Starr to second
|
Batting: RHB Chang-geun Kim
|
0-0: 3-RUN HOME RUN (Flyball, 8RXD), Distance : 416 ft
|
Batting: LHB Mel Jones
|
0-0: Swinging Strike 0-1: Swinging Strike 0-2: Foul Ball, location: 2F 0-2: Ball 1-2: Strikes out looking
|
Top of the 4th over - 4 run(s), 4 hit(s), 0 error(s), 0 left on base; San Jose 9 - Walla Walla 1 |
BOTTOM OF THE 4TH |
Walla Walla All-Stars batting - Pitching for San Jose Missions : LHP Vanni Frangilli
|
Batting: RHB Claudio Guerra
|
0-0: Ball 1-0: Foul Ball, location: 2F 1-1: Ball 2-1: Foul Ball, location: 2F 2-2: Ball 3-2: Foul Ball, location: 2F 3-2: Base on Balls
|
Batting: RHB Pablo Lucero
|
0-0: Ball 1-0: Foul Ball, location: 2F 1-1: Ball 2-1: Foul Ball, location: 2F 2-2: DOUBLE (Flyball, 78XD) Claudio Guerra to third
|
Batting: RHB Jim Dunbar
|
0-0: Called Strike 0-1: Ground out 6-3 (Groundball, 6M) Claudio Guerra scores Pablo Lucero to third
|
Batting: RHB Jeff Thompson
|
0-0: Swinging Strike 0-1: Ball 1-1: DOUBLE (Line Drive, 7LM) Pablo Lucero scores
|
Batting: RHB Daniel Guerrero
|
0-0: Ball 1-0: Swinging Strike 1-1: Ball 2-1: Foul Ball, location: 2F 2-2: Ground out 5-3 (Groundball, 5L)
|
Batting: RHB Luke McIndoe
|
0-0: Ball 1-0: Ball 2-0: Ball 3-0: Base on Balls
|
Batting: LHB Keith Beard
|
0-0: Ball 1-0: Called Strike 1-1: SINGLE (Groundball, 15) (infield hit) Jeff Thompson to third Luke McIndoe to second
|
Batting: SHB Sean Carr
|
0-0: Ground out 5-3 (Groundball, 56)
|
Bottom of the 4th over - 2 run(s), 3 hit(s), 0 error(s), 3 left on base; San Jose 9 - Walla Walla 3 |
TOP OF THE 5TH |
San Jose Missions batting - Pitching for Walla Walla All-Stars : RHP León Trevino
|
Pitching: RHP Javier Valenzuela
|
|
Batting: RHB Mike Gordon
|
0-0: Ball 1-0: Foul Ball, location: 2F 1-1: Ball 2-1: Ball 3-1: Swinging Strike 3-2: Strikes out looking
|
Batting: RHB Cal Keys
|
0-0: Ball 1-0: Called Strike 1-1: Ground out 5-3 (Groundball, 56)
|
Batting: RHB Stéphane Lambert
|
0-0: Ball 1-0: Ball 2-0: Ball 3-0: Base on Balls
|
Batting: RHB Goro Tanabe
|
0-0: Called Strike 0-1: Called Strike 0-2: Ball 1-2: Strikes out swinging
|
Top of the 5th over - 0 run(s), 0 hit(s), 0 error(s), 1 left on base; San Jose 9 - Walla Walla 3 |
BOTTOM OF THE 5TH |
Walla Walla All-Stars batting - Pitching for San Jose Missions : LHP Vanni Frangilli
|
Batting: RHB Lorenzo Morín
|
0-0: Ball 1-0: Foul Ball, location: 2F 1-1: Ball 2-1: SINGLE (Groundball, 6M)
|
Batting: RHB Claudio Guerra
|
0-0: Foul Ball, location: 2F 0-1: Ball 1-1: Reached on error, E1 (Groundball, 15) Lorenzo Morín to second
|
Batting: RHB Pablo Lucero
|
0-0: DOUBLE (Line Drive, 7LM) Lorenzo Morín scores Claudio Guerra to third
|
Batting: RHB Jim Dunbar
|
0-0: Foul Ball, location: 2F 0-1: Ground out 5-3 (Groundball, 5)
|
Batting: RHB Jeff Thompson
|
0-0: Called Strike 0-1: Fly out, F8 (Line Drive, 78M)
|
Batting: RHB Daniel Guerrero
|
0-0: Called Strike 0-1: Ground out 4-3 (Groundball, 4)
|
Bottom of the 5th over - 1 run(s), 2 hit(s), 1 error(s), 2 left on base; San Jose 9 - Walla Walla 4 |
TOP OF THE 6TH |
San Jose Missions batting - Pitching for Walla Walla All-Stars : RHP Javier Valenzuela
|
Batting: LHB Raúl García
|
0-0: SINGLE (Groundball, 56D)
|
Batting: RHB Ed Starr
|
0-0: Swinging Strike 0-1: Ground out U3 (Groundball, 3S) Raúl García to second
|
Batting: LHB Miguel Montés
|
0-0: Called Strike 0-1: Ball 1-1: Swinging Strike 1-2: Ball 2-2: Strikes out swinging
|
Batting: RHB Chang-geun Kim
|
0-0: Foul Ball, location: 2F 0-1: Ball 1-1: DOUBLE (Line Drive, 7LS) Raúl García scores
|
Batting: LHB Mel Jones
|
0-0: Called Strike 0-1: Ball 1-1: Called Strike 1-2: Strikes out swinging
|
Top of the 6th over - 1 run(s), 2 hit(s), 0 error(s), 1 left on base; San Jose 10 - Walla Walla 4 |
BOTTOM OF THE 6TH |
Walla Walla All-Stars batting - Pitching for San Jose Missions : LHP Vanni Frangilli
|
Batting: RHB Luke McIndoe
|
0-0: Called Strike 0-1: Foul Ball, location: 2F 0-2: Foul Ball, location: 2F 0-2: Ball 1-2: Foul Ball, location: 2F 1-2: Ground out 6-3 (Groundball, 6)
|
Batting: LHB Keith Beard
|
0-0: Ball 1-0: Called Strike 1-1: Foul Ball, location: 2F 1-2: SINGLE (Groundball, 6M)
|
Pitching: RHP Gabriel Moore
|
|
Batting: SHB Sean Carr
|
0-0: Called Strike 0-1: Swinging Strike 0-2: Foul Ball, location: 2F 0-2: Ball 1-2: Ball 2-2: Ball 3-2: Base on Balls Keith Beard to second
|
Batting: RHB Lorenzo Morín
|
0-0: Foul Ball, location: 2F 0-1: Ball 1-1: Ball 2-1: Swinging Strike 2-2: Foul Ball, location: 2F 2-2: Strikes out looking
|
Batting: RHB Claudio Guerra
|
0-0: SINGLE (Groundball, 25) (infield hit) Keith Beard to third Sean Carr to second
|
Batting: RHB Pablo Lucero
|
0-0: Ball 1-0: Called Strike 1-1: Swinging Strike 1-2: Fly out, F7 (Flyball, 78M)
|
Bottom of the 6th over - 0 run(s), 2 hit(s), 0 error(s), 3 left on base; San Jose 10 - Walla Walla 4 |
TOP OF THE 7TH |
San Jose Missions batting - Pitching for Walla Walla All-Stars : RHP Javier Valenzuela
|
Pitching: LHP Edgardo Guzmán
|
|
Batting: RHB Mike Gordon
|
0-0: Ball 1-0: Ball 2-0: Foul Ball, location: 2F 2-1: Swinging Strike 2-2: Foul Ball, location: 2F 2-2: Fly out, F7 (Flyball, 78S)
|
Batting: RHB Cal Keys
|
0-0: Called Strike 0-1: Called Strike 0-2: Foul Ball, location: 2F 0-2: Ball 1-2: Foul Ball, location: 2F 1-2: Ball 2-2: Fly out, F6 (Popup, 6)
|
Batting: RHB Stéphane Lambert
|
0-0: Called Strike 0-1: Called Strike 0-2: Strikes out swinging
|
Top of the 7th over - 0 run(s), 0 hit(s), 0 error(s), 0 left on base; San Jose 10 - Walla Walla 4 |
BOTTOM OF THE 7TH |
Walla Walla All-Stars batting - Pitching for San Jose Missions : RHP Gabriel Moore
|
Batting: RHB Jim Dunbar
|
0-0: Foul Ball, location: 2F 0-1: Fly out, F9 (Flyball, 9LM)
|
Batting: RHB Jeff Thompson
|
0-0: Ball 1-0: Called Strike 1-1: Ball 2-1: Ball 3-1: Ground out 5-3 (Groundball, 5S)
|
Batting: RHB Daniel Guerrero
|
0-0: Hit by Pitch
|
Batting: RHB Luke McIndoe
|
0-0: Called Strike Daniel Guerrero is caught stealing 2nd base
|
Bottom of the 7th over - 0 run(s), 0 hit(s), 0 error(s), 0 left on base; San Jose 10 - Walla Walla 4 |
TOP OF THE 8TH |
San Jose Missions batting - Pitching for Walla Walla All-Stars : LHP Edgardo Guzmán
|
Batting: RHB Goro Tanabe
|
0-0: Called Strike 0-1: Ball 1-1: Foul Ball, location: 2F 1-2: Ball 2-2: Ball 3-2: Foul Ball, location: 2F 3-2: Fly out, F9 (Flyball, 89M)
|
Batting: LHB Raúl García
|
0-0: Ball 1-0: Foul Ball, location: 2F 1-1: Foul Ball, location: 2F 1-2: Ball 2-2: Ball 3-2: Strikes out looking
|
Batting: RHB Ed Starr
|
0-0: Called Strike 0-1: Fly out, F4 (Popup, 34D)
|
Top of the 8th over - 0 run(s), 0 hit(s), 0 error(s), 0 left on base; San Jose 10 - Walla Walla 4 |
BOTTOM OF THE 8TH |
Walla Walla All-Stars batting - Pitching for San Jose Missions : RHP Gabriel Moore
|
Now at 3B: Bobby Brewster
|
|
Batting: RHB Luke McIndoe
|
0-0: Called Strike 0-1: Foul Ball, location: 2F 0-2: Ball 1-2: Ground out 5-3 (Groundball, 56)
|
Batting: LHB Keith Beard
|
0-0: Ball 1-0: Ball 2-0: Called Strike 2-1: Swinging Strike 2-2: Foul Ball, location: 2F 2-2: Fly out, F8 (Flyball, 8RXD)
|
Batting: SHB Sean Carr
|
0-0: Ball 1-0: Ball 2-0: Called Strike 2-1: Ground out 5-3 (Groundball, 56)
|
Bottom of the 8th over - 0 run(s), 0 hit(s), 0 error(s), 0 left on base; San Jose 10 - Walla Walla 4 |
TOP OF THE 9TH |
San Jose Missions batting - Pitching for Walla Walla All-Stars : LHP Edgardo Guzmán
|
Batting: LHB Miguel Montés
|
0-0: Called Strike 0-1: Fly out, F7 (Flyball, 78D)
|
Batting: RHB Chang-geun Kim
|
0-0: Ball 1-0: Called Strike 1-1: Foul Ball, location: 2F 1-2: Strikes out swinging
|
Batting: LHB Mel Jones
|
0-0: Called Strike 0-1: Ball 1-1: Ball 2-1: Called Strike 2-2: Foul Ball, location: 2F 2-2: Ball 3-2: Strikes out swinging
|
Top of the 9th over - 0 run(s), 0 hit(s), 0 error(s), 0 left on base; San Jose 10 - Walla Walla 4 |
BOTTOM OF THE 9TH |
Walla Walla All-Stars batting - Pitching for San Jose Missions : RHP Gabriel Moore
|
Now at 1B: Jim Brown
|
|
Batting: RHB Lorenzo Morín
|
0-0: Called Strike 0-1: Called Strike 0-2: Fly out, F7 (Line Drive, 7M)
|
Pitching: RHP Oliver Meléndez
|
|
Batting: RHB Claudio Guerra
|
0-0: Ball 1-0: Ground out 6-3 (Groundball, 6)
|
Batting: RHB Pablo Lucero
|
0-0: Ball 1-0: Called Strike 1-1: Foul Ball, location: 2F 1-2: Ball 2-2: Foul Ball, location: 2F 2-2: Foul Ball, location: 2F 2-2: Ground out 5-3 (Groundball, 5S)
|
Bottom of the 9th over - 0 run(s), 0 hit(s), 0 error(s), 0 left on base; San Jose 10 - Walla Walla 4 |
|